Unix NetHack Version 3.7.0-94 Work-in-progress - last build Dec 18 2023 00:11:04 (7e3deff068b9ef4f2ebb9a71ea0f5c4a3b578a14,branch:master). Game began 2024-01-01 15:16:34, ended 2024-01-01 15:19:13. Arasaka, chaotic male orcish Rogue ----------- |.........| |...<.....| |...{......## |...(.....| # ---.------- # ## # ### ####-------|----- # #-...........| # |...........| ## |...........| --+---|-------- ------------- |.............| |..f..........| ..:...........| |...@.........| |....@......F.| --------------- Arasaka the Cutpurse St:12 Dx:17 Co:17 In:14 Wi:10 Ch:8 Chaotic Dlvl:3 $:14 HP:0(22) Pw:12(12) AC:7 Xp:3/42 T:765 Latest messages: The fox appears confused. You miss the fox. You miss the fox. The fox misses! You miss the fox. The fox bites! You kill the fox! Welcome to experience level 3. You see here a fox corpse. There is a fox corpse here; eat it? [ynq] (n) This fox corpse is gamey. You finish eating the fox corpse. The door opens. You miss the gecko. You miss the gecko. You hit the gecko. Your hands no longer glow so brightly red. The gecko appears confused. The gecko bites! You kill the gecko! q - a cloudy potion. r - a murky potion. You stop. Behemoth is in the way! The door opens. You swap places with Behemoth. You find a hidden door. The door opens. You see here a statue of a lichen. The giant rat bites! You hit the giant rat. Your hands stop glowing red. The giant rat appears confused. You miss the giant rat. You miss the giant rat. Behemoth bites the giant rat. The giant rat is killed! You see here a giant rat corpse. There is a giant rat corpse here; eat it? [ynq] (n) Blecch! Rotten food! The world spins and goes dark. The werejackal hits! The werejackal hits! The werejackal hits! The werejackal hits! You are conscious again. Behemoth misses the werejackal. The gecko bites! Behemoth eats a partly eaten giant rat corpse. The werejackal hits! You die... Inventory: Coins ('$') $ - 14 gold pieces Weapons (')') b - 15 uncursed +0 orcish daggers (at the ready) a - an uncursed +0 orcish short sword (weapon in right hand) Armor ('[') c - an uncursed +1 leather armor (being worn) Comestibles ('%') k - an uncursed cram ration l - an uncursed food ration g - an uncursed fortune cookie h - an uncursed rotten tin of sewer rat meat Potions ('!') m - an uncursed potion of gain level d - an uncursed potion of sickness q - a cursed potion of sleeping r - a blessed potion of speed Tools ('(') f - an empty uncursed sack e - an uncursed lock pick Gems/Stones ('*') p - an uncursed garnet stone o - an uncursed worthless piece of black glass i - an uncursed worthless piece of blue glass Arasaka the Rogue's attributes: Background: You were a Cutpurse, a level 3 male orcish Rogue. You were chaotic, on a mission for Kos who was opposed by Issek (lawful) and Mog (neutral). You were right-handed. You were in the Dungeons of Doom, on level 3. You entered the dungeon 765 turns ago. You had 42 experience points, 38 more were needed to attain level 4. Basics: You had 0 out of 22 hit points. You had all 12 energy points (spell power). Your armor class was 7. Your wallet contained 14 zorkmids. Autopickup was on for '$"?' plus thrown, with exceptions. Final Characteristics: Your strength was 12 (limit:18/50). Your dexterity was 17 (limit:18). Your constitution was 17 (limit:18). Your intelligence was 14 (limit:16). Your wisdom was 10 (limit:16). Your charisma was 8 (limit:16). Final Status: You weren't hungry. You were unencumbered. You were wielding a short sword. You had basic skill with short sword. Final Attributes: You were fervently aligned. You were poison resistant. You had infravision. You were stealthy. You were warded. You are dead. Miscellaneous: You disabled loading of bones levels. Total elapsed playing time was 2 minutes and 38 seconds. Major events: Turn 1: Arasaka the chaotic male orcish Rogue entered the dungeon 513: entered the Gnomish Mines 655: attained the rank of Cutpurse (level 3) 765: killed by a werejackal Vanquished creatures: a giant rat a gnome a gecko 2 jackals 2 foxes a goblin 2 grid bugs 3 lichens 2 kobold zombies a newt 16 creatures vanquished. No species were genocided or became extinct. Voluntary challenges: You were an atheist. You read items or engraved 2 times. You never engraved Elbereth. You never genocided any monsters. You never polymorphed an object. You never changed form. You used no wishes. Achievements: You entered the Gnomish Mines. You attained the rank of Cutpurse. The Dungeons of Doom: levels 1 to 3 Level 1: An altar, a sink. Level 2: Stairs down to The Gnomish Mines. Level 3: <- You were here. A fountain. Final resting place for you, killed by a werejackal. The Gnomish Mines: Level 3: Game over: ---------- / \ / REST \ / IN \ / PEACE \ / \ | Arasaka | | 14 Au | | killed by a | | werejackal | | | | | | 2024 | *| * * * | * _________)/\\_//(\/(/\)/\//\/|_)_______ Goodbye Arasaka the Rogue... You died in The Dungeons of Doom on dungeon level 3 with 291 points, and 14 pieces of gold, after 765 moves. You were level 3 with a maximum of 22 hit points when you died.